 Dungeon Crawl Stone Soup version 0.24-a0-25-g8489be9 (webtiles) character file.

Game seed: 1793884682346977349

6811 DekuTree the Fighter (level 11, -8/109 HPs)
             Began as a Gargoyle Berserker on Feb 1, 2019.
             Was a High Priest of Trog.
             Killed from afar by a gargoyle (24 damage)
             ... with a stone arrow
             ... on level 10 of the Dungeon.
             The game lasted 00:13:45 (7921 turns).

DekuTree the Fighter (Gargoyle Berserker)           Turns: 7921, Time: 00:13:46

Health: -8/109     AC: 24    Str: 29    XL:     11   Next: 5%
Magic:  0/11       EV:  8    Int:  8    God:    Trog [*****.]
Gold:   387        SH:  0    Dex:  9    Spells: 10/10 levels left

rFire    + . .     SeeInvis +   b - +2 hand axe (flame)
rCold    + . .     Gourm    .   (no shield)
rNeg     + . .     Faith    .   D - +0 plate armour
rPois    ∞         Spirit   .   u - +0 helmet
rElec    +         Reflect  .   x - scarf {rC+ rF+}
rCorr    .         Harm     .   (no gloves)
MR       +....                  (no boots)
Stlth    ..........             (no amulet)
HPRegen  0.28/turn              H - ring of see invisible
MPRegen  0.12/turn              t - ring of protection from magic

@: berserking, very quick
A: negative energy resistance 1, electricity resistance, unbreathing,
petrification resistance, rot immunity, AC +8
a: Berserk, Trog's Hand, Brothers in Arms, Renounce Religion


You were on level 10 of the Dungeon.
You worshipped Trog.
Trog was extremely pleased with you.
You were hungry.

You visited 1 branch of the dungeon, and saw 10 of its levels.

You collected 387 gold pieces.

Inventory:

Hand Weapons
 b - a +2 hand axe of flaming (weapon)
 F - a +1 executioner's axe of freezing
Missiles
 y - a throwing net (quivered)
Armour
 u - a +0 helmet (worn)
 x - a scarf of resistance (worn)
 D - a +0 plate armour (worn)
Jewellery
 s - the ring of Nakk {rCorr rF+ rC+ Str-5 Dex+2}
   (You found it on level 4 of the Dungeon)

   [ring of resist corrosion]

   It affects your strength (-5).
   It affects your dexterity (+2).
   It protects you from fire.
   It protects you from cold.
 t - a ring of protection from magic (right hand)
 H - a ring of see invisible (left hand)
Wands
 i - a wand of clouds (6)
 j - a wand of paralysis (17)
 l - a wand of iceblast (31)
 o - a wand of disintegration (15)
 p - a wand of enslavement (8)
 v - a wand of polymorph (17)
 w - a wand of flame (19)
 E - a wand of acid (3)
Scrolls
 a - 7 scrolls of fear
 d - 2 scrolls of teleportation
 e - 3 scrolls of magic mapping
 f - a scroll of enchant weapon
 q - 10 scrolls of remove curse
 r - 3 scrolls of blinking
Potions
 g - 5 potions of heal wounds
 h - 2 potions of magic
 k - 3 potions of brilliance
 m - 5 potions of curing
 n - a potion of berserk rage
 z - a potion of cancellation
 A - a potion of flight
 B - a potion of might
 C - 2 potions of lignification
 G - 2 potions of mutation {unknown}
Comestibles
 c - 17 rations
 I - 6 chunks of flesh


   Skills:
 + Level 10.9 Fighting
 + Level 9.3 Axes
 + Level 10.6 Armour
 - Level 1.5 Dodging


You had 10 spell levels left.
You didn't know any spells.
Your spell library contained the following spells:

 Spells                   Type           Power        Failure   Level  Hunger
 Confusing Touch          Hex            #.....       97%         1    ##.....
 Corona                   Hex            #......      97%         1    ##.....
 Flame Tongue             Conj/Fire      #....        97%         1    ##.....
 Ensorcelled Hibernation  Hex/Ice        #.....       99%         2    ###....
 Throw Flame              Conj/Fire      #.....       99%         2    ###....
 Confuse                  Hex            #.......     100%        3    ####...
 Conjure Flame            Conj/Fire      #.......     100%        3    ####...
 Dazzling Spray           Conj/Hex       #.....       100%        3    ####...
 Gell's Gravitas          Tloc           #.........   100%        3    ####...
 Inner Flame              Hex/Fire       #.......     100%        3    ####...
 Tukima's Dance           Hex            #.......     100%        3    ####...
 Petrify                  Tmut/Erth      #.......     100%        4    #####..
 Sticky Flame             Conj/Fire      #.......     100%        4    #####..
 Fireball                 Conj/Fire      #.........   100%        5    ######.
 Metabolic Englaciation   Hex/Ice        #.........   100%        5    ######.
 Yara's Violent Unravell  Hex/Tmut       #.........   100%        5    ######.


Dungeon Overview and Level Annotations

Branches:
Dungeon (10/15)            Temple (0/1) D:5            Lair (0/6) D:9
    Orc (0/2) D:10

Altars:
Ashenzari
Dithmenos
Elyvilon
Fedhas
Hepliaklqana
Makhleb
Nemelex Xobeh
Okawaru
Qazlal
Trog
Xom
Yredelemnul
Zin

Shops:
D:6 (

Annotations:
D:8 exclusion: oklob plant


Innate Abilities, Weirdness & Mutations

You are resistant to torment.
Your stone body is resilient. (AC +8)
You are immune to poison.
You resist negative energy. (rN+)
You are resistant to electric shocks. (rElec)
You can survive without breathing.
You are immune to petrification.
You are immune to rotting.


Message History

You are too injured to fight recklessly!
You are too injured to fight recklessly!
You are too injured to fight recklessly!
You are too injured to fight recklessly!
You are too injured to fight recklessly!
You are too injured to fight recklessly!
You are too injured to fight recklessly!
You are too injured to fight recklessly!
You are too injured to fight recklessly!
You are too injured to fight recklessly!
You are too injured to fight recklessly!
You are too injured to fight recklessly!
You are too injured to fight recklessly!
You are too injured to fight recklessly!
A red film seems to cover your vision as you go berserk!
You feel yourself moving faster!
You feel mighty!
You are feeling hungry.
The gargoyle hurls a stone arrow at you.
The stone arrow hits you!!
You die...

#.# #.#
#.# #.#
#.# #[#
#.# #.#
#@#
#.9G..#
#####.#


You could see an eye of draining and a gargoyle.

Vanquished Creatures
  A centaur zombie (D:10)
  A centaur skeleton (D:10)
  3 hippogriffs
  2 basilisks (D:9)
  A human (D:8)
  A hungry ghost (D:5)
  Edmund (D:6)
  3 orc warriors
  2 porcupines (D:9)
  3 black bears (D:9)
  2 ice beasts (D:6)
  3 sky beasts
  6 ogres
  A wolf (D:9)
  2 phantoms
  4 centaurs
  2 crocodiles
  A big kobold (D:9)
  6 bullfrogs
  Blork the orc (D:4)
  A scorpion (D:9)
  3 killer bees (D:10)
  7 wights (D:8)
  5 crimson imps
  2 bullfrog zombies
  3 jellies
  5 hounds
  5 orc priests
  Crazy Yiuf (D:3)
  2 bullfrog skeletons
  Jessica (D:3)
  Ijyb (D:5)
  An iguana (D:7)
  7 orc wizards
  9 worker ants
  4 hound zombies
  Robin (D:3)
  6 gnolls (D:6)
  14 adders
  3 shadow imps (D:7)
  2 adder skeletons
  3 worms
  A dart slug (D:1)
  3 leopard geckos
  27 orcs
  3 giant cockroaches
  8 goblins
  9 hobgoblins
  10 jackals
  13 kobolds
  6 quokkas
  5 bats
  A frilled lizard (D:3)
  A giant cockroach zombie (D:4)
  A jackal skeleton (D:6)
  A quokka skeleton (D:4)
  A quokka zombie (D:6)
  4 rats
  4 fungi (D:7)
230 creatures vanquished.

Vanquished Creatures (others)
  A quokka (D:8)
  A fungus (D:9)
2 creatures vanquished.

Grand Total: 232 creatures vanquished

Notes
Turn   | Place    | Note
-------+----------+-------------------------------------------
     0 | D:1      | DekuTree the Gargoyle Berserker began the quest for the
                  | Orb.
     0 | D:1      | Reached XP level 1. HP: 14/14 MP: 1/1
   415 | D:1      | Reached XP level 2. HP: 19/19 MP: 2/2
   862 | D:2      | Noticed an Executioner
   863 | D:2      | Found a burning altar of Makhleb.
   866 | D:2      | Found a glowing silver altar of Zin.
   866 | D:2      | Noticed an angel
  1046 | D:2      | Reached XP level 3. HP: 20/24 MP: 3/3
  1189 | D:2      | Found a sparkling altar of Nemelex Xobeh.
  1398 | D:3      | Noticed Jessica
  1403 | D:3      | Killed Jessica
  1403 | D:3      | Reached XP level 4. HP: 21/29 MP: 4/4
  1778 | D:3      | Reached XP level 5. HP: 32/34 MP: 5/5
  1780 | D:3      | Reached ** piety under Trog
  1833 | D:3      | Found a runed translucent door.
  1834 | D:3      | Noticed Crazy Yiuf
  1841 | D:3      | Killed Crazy Yiuf
  1920 | D:3      | Noticed Robin
  1953 | D:3      | Killed Robin
  2086 | D:4      | Reached skill level 5 in Fighting
  2086 | D:4      | Reached XP level 6. HP: 34/40 MP: 6/6
  2138 | D:4      | Noticed a phantom
  2174 | D:4      | Killed a phantom
  2194 | D:4      | Got a wavering golden ring
  2195 | D:4      | Noticed Blork the orc
  2201 | D:4      | Killed Blork the orc
  2295 | D:4      | Reached skill level 5 in Armour
  2295 | D:4      | Reached XP level 7. HP: 45/45 MP: 7/7
  2343 | D:4      | Identified the ring of Nakk {rCorr rF+ rC+ Str-5 Dex+2}
                  | (You found it on level 4 of the Dungeon)
  2404 | D:4      | Reached skill level 5 in Axes
  2650 | D:5      | Entered Level 5 of the Dungeon
  2650 | D:5      | Found a staircase to the Ecumenical Temple.
  2650 | D:5      | Noticed a hungry ghost
  2668 | D:5      | Killed a hungry ghost
  2669 | D:5      | Noticed Ijyb
  2672 | D:5      | Reached XP level 8. HP: 52/52 MP: 8/8
  2687 | D:5      | Killed Ijyb
  2744 | D:5      | Reached *** piety under Trog
  3873 | D:6      | Noticed Edmund
  3885 | D:6      | Killed Edmund
  3885 | D:6      | Reached XP level 9. HP: 44/59 MP: 9/9
  3930 | D:6      | Found Qaba's Weapon Boutique.
  4369 | D:6      | Found a blossoming altar of Fedhas.
  4523 | D:6      | Found an iron altar of Okawaru.
  4523 | D:6      | Found a shimmering altar of Xom.
  4659 | D:7      | Found a bloodstained altar of Trog.
  5003 | D:7      | Found a shadowy altar of Dithmenos.
  5039 | D:7      | Reached **** piety under Trog
  5330 | D:7      | Found a stormy altar of Qazlal.
  5857 | D:8      | Found a white marble altar of Elyvilon.
  5884 | D:8      | Found a hazy altar of Hepliaklqana.
  6004 | D:8      | Reached XP level 10. HP: 66/66 MP: 10/10
  6028 | D:8      | Found a shattered altar of Ashenzari.
  6172 | D:8      | Found a basalt altar of Yredelemnul.
  6332 | D:8      | Found a blossoming altar of Fedhas.
  6352 | D:8      | Noticed an oklob plant
  6499 | D:9      | Reached ***** piety under Trog
  6525 | D:9      | Reached skill level 10 in Fighting
  6878 | D:9      | Reached skill level 10 in Armour
  7111 | D:9      | Found a staircase to the Lair.
  7598 | D:10     | Entered Level 10 of the Dungeon
  7757 | D:10     | Received a gift from Trog
  7757 | D:10     | Reached XP level 11. HP: 57/73 MP: 11/11
  7846 | D:10     | Found a staircase to the Orcish Mines.
  7921 | D:10     | Killed from afar by a gargoyle

Vault maps used:
D:1:      minmay_arrival_up_and_down
D:2:      grunt_temple_overflow_order_and_chaos_2,
          nicolae_overflow_crystal_walls, first_ration,
          chequers_serial_rivers_micro_c, nrook_campfire, minmay_tromino_mix6
D:3:      uniq_crazy_yiuf_cottage, uniq_jessica, uniq_robin
D:4:      hangedman_abyss_or_decor_lesser_grid, uniq_blork_the_orc
D:5:      temple_fountains, uniq_ijyb
D:6:      minitemple, serial_shops, nicolae_shop_waterfront, uniq_edmund
D:7:      kennysheep_mini, grunt_dithmenos_smoke_and_mirrors, marbit_many_paths,
          water_boxes_lemuel
D:8:      overflow_temple_1_default, elyvilon_altar_4,
          overflow_temple_1_default, kennysheep_mini_moat, grunt_pizzeria,
          tgw_fedhas
D:9:      minmay_lair_entry_grove
D:10:     minmay_orc_entry_temple_small, uniq_fannar

Skill      XL: |  1  2  3  4  5  6  7  8  9 10 |
---------------+-------------------------------+-----
Axes           | 3 4 5 6 7 9 |  9.3
Fighting       | 4 5 6 7 9 10 | 10.9
Armour         | 3 4 5 7 9 10 | 10.6
Dodging        | |  1.5

Action                   |  1- 3 |  4- 6 |  7- 9 | 10-12 || total
-------------------------+-------+-------+-------+-------++-------
Melee: Hand axe          |    58 |   123 |   417 |   283 ||   881
Invok: Berserk           |       |     4 |     6 |     2 ||    12
       Trog's Hand       |       |       |     3 |       ||     3
  Use: Scroll            |     3 |     4 |    12 |     4 ||    23
       Potion            |       |       |     2 |       ||     2
  Eat: Chunk             |     1 |     7 |    13 |     5 ||    26
       Ration            |       |       |     3 |     1 ||     4
Armor: Ring mail         |    25 |    62 |     3 |       ||    90
       Animal skin       |     3 |       |       |       ||     3
       Chain mail        |       |       |   249 |    67 ||   316
       Plate armour      |       |       |       |   123 ||   123
Dodge: Dodged            |    38 |    80 |   172 |   103 ||   393

Table legend:
 A = Non-vault XP
 B = Vault XP
 C = Vault XP percentage of total XP
 D = Non-vault monster count
 E = Vault monster count
 F = Vault count percentage of total count
                 A         B        C        D         E       F
            +---------+---------+-------+---------+---------+-------
      Total |    7632 |    2098 |  21.6 |     194 |      32 |  14.2
            +---------+---------+-------+---------+---------+-------
        D:1 |      19 |       0 |   0.0 |      10 |       0 |   0.0
        D:2 |      30 |       3 |   9.1 |       9 |       2 |  18.2
        D:3 |      98 |     111 |  53.1 |      20 |      13 |  39.4
        D:4 |     596 |      94 |  13.6 |      20 |       1 |   4.8
        D:5 |     659 |      36 |   5.2 |      14 |       1 |   6.7
        D:6 |     993 |     169 |  14.5 |      26 |       1 |   3.7
        D:7 |     822 |      32 |   3.7 |      20 |       1 |   4.8
        D:8 |    1734 |     185 |   9.6 |      36 |       1 |   2.7
        D:9 |     850 |    1465 |  63.3 |      24 |      11 |  31.4
       D:10 |    1831 |       3 |   0.2 |      15 |       1 |   6.2
            +---------+---------+-------+---------+---------+-------
